 Dungeon Crawl Stone Soup version 0.28.0-53-g5a82cb258f (webtiles) character file.

Game seed: 1243072008613963115

13642 pkoi the Destroyer (level 11, -5/74 HPs)
             Began as a Demigod Conjurer on May 20, 2022.
             Slain by an elephant (11 damage)
             ... on level 2 of the Lair of Beasts.
             The game lasted 00:23:23 (25246 turns).

pkoi the Destroyer (Demigod Conjurer)              Turns: 25246, Time: 00:23:23

Health: -5/74      AC:  6    Str:  8    XL:     11   Next: 49%
Magic:  8/24       EV: 11    Int: 32    God:
Gold:   843        SH:  5    Dex: 12    Spells: 5/22 levels left

rFire   . . .      SeeInvis .   y - +1 dagger (venom)
rCold   . . .      Faith    .   (no shield)
rNeg    . . .      Spirit   .   f - +0 troll leather armour
rPois   .          Reflect  +   t - +0 helmet
rElec   .          Harm     .   (no cloak)
rCorr   +          Rampage  .   (no gloves)
Will    ++...                   h - +0 pair of boots
Stlth   ++........              b - amulet of reflection
HPRegen 1.02/turn               v - ring of willpower
MPRegen 0.19/turn               j - ring of resist corrosion

@: no status effects
A: high MP 1, forlorn, divine attributes
a: no special abilities


You were on level 2 of the Lair of Beasts.
You visited 2 branches of the dungeon, and saw 12 of its levels.

You collected 843 gold pieces.

Inventory:

Hand Weapons
 x - a +3 flail
 y - a +1 dagger of venom (weapon)
Missiles
 o - 30 poisoned darts
Armour
 a - a +1 robe
 f - a +0 troll leather armour (worn)
 h - a +0 pair of boots (worn)
 t - a +0 helmet (worn)
Jewellery
 b - an amulet of reflection (around neck)
 j - a ring of resist corrosion (right hand)
 m - the ring "Fibbema" {Fly rPois rC- Int+3}
   (You found it on level 2 of the Dungeon)

   [ring of flight]

   Int:       It affects your intelligence (+3).
   rC:        It makes you vulnerable to cold.
   rPois:     It protects you from poison.
   Fly:       It grants you flight.
 v - a ring of willpower (left hand)
 A - a ring of flight
 F - a ring of positive energy
Wands
 n - a wand of acid (8)
 u - a wand of polymorph (13)
 B - a wand of paralysis (6)
 D - a wand of iceblast (1)
Scrolls
 i - 3 scrolls of blinking
 k - 2 scrolls of fear
 l - a scroll of silence
 q - 2 scrolls of vulnerability
 r - 5 scrolls of teleportation
 s - a scroll of enchant armour
 z - a scroll of fog
 G - a scroll of magic mapping
Potions
 c - a potion of flight
 d - 2 potions of brilliance
 e - 3 potions of heal wounds
 g - 5 potions of curing
 p - 4 potions of haste
 w - 4 potions of magic
 C - a potion of might


   Skills:
 + Level 3.3 Armour
 - Level 1.7 Dodging
 - Level 1.7 Stealth
 + Level 6.4 Spellcasting
 + Level 10.4 Conjurations
 + Level 7.6 Hexes
 - Level 6.0 Translocations
 + Level 5.1 Air Magic
 + Level 5.1 Poison Magic
 + Level 2.0 Evocations


You had 5 spell levels left.
You knew the following spells:

 Your Spells              Type           Power      Damage    Failure   Level
a - Magic Dart            Conj           100%       1d8       1%          1
b - Searing Ray           Conj           100%       2d8       1%          2
c - Iskenderun's Mystic   Conj/Tloc      58%        2d12      2%          4
d - Fulminant Prism       Conj/Hex       31%        3d16      1%          4
e - Poisonous Vapours     Pois/Air       86%        N/A       1%          2
f - Olgreb's Toxic Radia  Pois           43%        N/A       8%          4

Your spell library contained the following spells:

 Spells                   Type           Power      Damage    Failure   Level
 Foxfire                  Conj/Fire      100%       2x1d9     1%          1
 Ensorcelled Hibernation  Hex/Ice        68%        N/A       1%          2
 Dazzling Flash           Conj/Hex       100%       N/A       1%          3
 Sting                    Tmut/Pois      100%       1d8       2%          1
 Conjure Flame            Conj/Fire      43%        6-21      2%          3
 Inner Flame              Hex/Fire       34%        N/A       3%          3
 Animate Skeleton         Necr           20%        N/A       6%          1
 Pain                     Necr           40%        1d6       6%          1
 Spider Form              Tmut/Pois      26%        N/A       6%          3
 Flame Wave               Conj/Fire      43%        2d9       8%          4
 Anguish                  Hex/Necr       17%        N/A       13%         4
 Vampiric Draining        Necr           10%        2d6       19%         3
 Metabolic Englaciation   Hex/Ice        17%        N/A       34%         5
 Petrify                  Tmut/Erth      10%        N/A       52%         4
 Statue Form              Tmut/Erth      6%         N/A       100%        6
 Ozocubu's Refrigeration  Ice            5%         4d6       100%        7
 Ignition                 Fire           5%         3d4       100%        8


Dungeon Overview and Level Annotations

Branches:
Dungeon (10/15)            Temple (0/1) D:4            Lair (2/6) D:10
    Orc (0/2) D:10
  Swamp: Lair:2-4    Shoals: Lair:2-4     Snake: Lair:2-4    Spider: Lair:2-4

Shops:
D:5 *   D:7 *   D:10 [

Annotations:
D:2 exclusion: door
D:6 1 runed translucent door, Holdthepickle's ghost, novice KoVM


Innate Abilities, Weirdness & Mutations

You have an increased reservoir of magic. (+10% MP)
You shall have no god before yourself.
Your divine heritage dramatically boosts your attributes as you level up.


Message History

The steam dragon scales are intact enough to wear.
You hear a trumpeting!
You hear an angry growl. x2; You hear a trumpeting!
Your Evocations skill increases to level 2!
Unknown command.
Unknown command.
Unknown command.
An elephant comes into view.
The elephant trumpets!
You hear a trumpeting! x2
The elephant tramples you!
You stumble backwards!
The seven-headed hydra barely misses you.
The seven-headed hydra bites you!
* * * LOW HITPOINT WARNING * * *
The seven-headed hydra bites you!
* * * LOW HITPOINT WARNING * * *
The seven-headed hydra bites you.
* * * LOW HITPOINT WARNING * * *
The seven-headed hydra bites you!
* * * LOW HITPOINT WARNING * * *
The seven-headed hydra bites you!
* * * LOW HITPOINT WARNING * * *
The seven-headed hydra bites you!
* * * LOW HITPOINT WARNING * * *
Unknown command.
Unknown command.
Unknown command.
The elephant tramples you.
* * * LOW HITPOINT WARNING * * *
You hold your ground!
The elephant trunk-slaps you but does no damage.
An elephant comes into view.
The elephant tramples you but does no damage.
The elephant trunk-slaps you but does no damage.
An elephant comes into view.
The elephant trumpets! x2
The elephant barely misses you. x2
You hit the elephant but do no damage. You block the elephant's attack.
The elephant trunk-slaps you.
* * * LOW HITPOINT WARNING * * *
The elephant tramples you!
You die...

#### ### ####
.#####..######Y#####..#####
............Y.Y......^....#
#........#####@D.........#
#.##...### ##Y.........#
#....# #....##.#..# #...##
#....#.....# #....#
##....#.....# #..<####
#.....#.*#..#
##....##.####....#.l+..#
#....P###.##.....#.....#
######.....................#


You could see a seven-headed hydra and 4 elephants.

Vanquished Creatures
  3 cane toads
  2 komodo dragons (Lair:1)
  A rime drake (Lair:1)
  2 trolls (D:10)
  A meliai zombie (D:10)
  24 yaks
  4 wyverns
  2 basilisks (Lair:2)
  A steam dragon (Lair:2)
  3 wargs (D:10)
  9 water moccasins
  3 orc warriors
  2 ice beasts
  4 ogres
  A black bear (Lair:2)
  A necrophage (D:5)
  6 wolves (Lair:1)
  2 centaurs
  4 phantoms
  2 kobold brigands
  6 bullfrogs
  2 wyvern zombies (D:8)
  A scorpion (D:7)
  A water moccasin zombie (D:5)
  2 wyvern skeletons
  2 water moccasin skeletons
  19 killer bees
  2 electric eels
  2 howler monkeys (D:7)
  8 wights
  3 jellies
  2 hounds (D:6)
  3 centaur zombies
  An orc priest (D:7)
  A bullfrog skeleton (D:7)
  A gnoll shaman (D:3)
  3 iguanas (D:4)
  4 orc wizards
  Terence (D:2)
  A howler monkey zombie (D:9)
  9 gnolls
  A howler monkey skeleton (D:7)
  13 adders
  A shadow imp (D:6)
  An ufetubus (D:6)
  A worm (D:5)
  3 dart slugs
  21 orcs
  13 endoplasms
  A giant cockroach (D:3)
  9 goblins
  10 hobgoblins
  2 quokkas
  5 ball pythons
  3 bats
  2 frilled lizards
  26 kobolds
  6 rats
269 creatures vanquished.

Vanquished Creatures (others)
  3 bushes (D:10)
  66 fulminant prisms
  18 fungi
  36 plants
  12 toadstools (D:2)
135 creatures vanquished.

Grand Total: 404 creatures vanquished

Notes
Turn   | Place    | Note
-------+----------+-------------------------------------------
     0 | D:1      | pkoi the Demigod Conjurer began the quest for the Orb.
     0 | D:1      | Reached XP level 1. HP: 14/14 MP: 5/5
   607 | D:1      | Reached skill level 4 in Conjurations
   739 | D:1      | Reached XP level 2. HP: 20/20 MP: 5/7
  2281 | D:2      | Reached XP level 3. HP: 26/26 MP: 3/8
  2654 | D:2      | Reached skill level 5 in Conjurations
  3024 | D:2      | Identified the ring "Fibbema" {Fly rPois rC- Int+3}
  3207 | D:2      | Reached XP level 4. HP: 27/33 MP: 2/9
  3355 | D:2      | Noticed Terence
  3365 | D:2      | Learned a level 2 spell: Searing Ray
  3673 | D:2      | Killed Terence
  3990 | D:2      | Reached skill level 6 in Conjurations
  3990 | D:2      | Reached XP level 5. HP: 38/38 MP: 7/10
  5727 | D:2      | Learned a level 4 spell: Iskenderun's Mystic Blast
  6000 | D:4      | Reached skill level 1 in Translocations
  6060 | D:4      | Reached XP level 6. HP: 45/45 MP: 6/11
  6243 | D:4      | Found a staircase to the Ecumenical Temple.
  7649 | D:4      | Reached XP level 7. HP: 32/48 MP: 7/12
  8467 | D:4      | Reached skill level 5 in Translocations
  8718 | D:5      | Entered Level 5 of the Dungeon
  9120 | D:5      | Found Kiumexat's Lightly-Used Armoury.
  9672 | D:5      | Reached skill level 7 in Conjurations
  9952 | D:5      | Reached XP level 8. HP: 57/57 MP: 5/15
 11716 | D:6      | Reached skill level 8 in Conjurations
 12173 | D:6      | Learned a level 4 spell: Fulminant Prism
 12437 | D:6      | Reached skill level 1 in Hexes
 12498 | D:6      | Found a runed translucent door.
 12500 | D:6      | Noticed a gargoyle
 12501 | D:6      | Noticed Holdthepickle's ghost (novice KoVM)
 13158 | D:7      | Reached skill level 9 in Conjurations
 13517 | D:7      | Found Kifuapn's Evil Emporium.
 13596 | D:7      | Reached XP level 9. HP: 61/62 MP: 9/18
 14342 | D:7      | Reached skill level 5 in Hexes
 14644 | D:7      | Identified a scroll of acquirement
 14644 | D:7      | Acquired a Young Poisoner's Handbook
 14649 | D:7      | Learned a level 2 spell: Poisonous Vapours
 15180 | D:8      | Reached skill level 1 in Air Magic
 15180 | D:8      | Reached skill level 1 in Poison Magic
 16324 | D:8      | Identified the +10 hand axe of Accidental Termination
                  | {distort, *Corrode Will+ Int+6 Stlth+}
 17188 | D:8      | Learned a level 4 spell: Olgreb's Toxic Radiance
 18118 | D:9      | Reached XP level 10. HP: 69/69 MP: 14/20
 18716 | D:9      | Reached skill level 5 in Spellcasting
 19003 | D:10     | Entered Level 10 of the Dungeon
 20442 | D:10     | Found Wesaxiqe's Armour Shoppe.
 20473 | D:10     | Reached skill level 1 in Armour
 20781 | D:10     | Reached skill level 10 in Conjurations
 21593 | D:10     | Reached XP level 11. HP: 74/74 MP: 10/23
 21766 | D:10     | Found a staircase to the Orcish Mines.
 21845 | D:10     | Found a staircase to the Lair.
 22627 | Lair:1   | Entered Level 1 of the Lair of Beasts
 23186 | Lair:1   | Reached skill level 1 in Evocations
 23718 | Lair:1   | Reached skill level 5 in Air Magic
 23739 | Lair:1   | Reached skill level 5 in Poison Magic
 25216 | Lair:2   | Noticed a seven-headed hydra
 25246 | Lair:2   | Slain by an elephant

Illustrated notes

Levels and vault maps discovered:
D:1:      dpeg_arrival_tiny_k, layout_basic
D:2:      cheibrodos_fertilizer, layout_basic, basic_altar,
          shapermc_ecumenical_altar_notcrosses, minmay_stone_trees_small,
          uniq_terence
D:3:      layout_rooms, serial_glass, glass_columns_a, glass_columns_b,
          st_stairs_7
D:4:      layout_cave_pools, minmay_temple_entry_wispy, minivault_26
D:5:      layout_loops_cross, minmay_shop_damaged
D:6:      cheibrodos_thug_alley, layout_basic, ebering_ghost_inner_flame,
          amcnicky_mini_corridor_feature
D:7:      wad_pebble_path, layout_loops_ring, fountainhead, eino_tiny_chamber,
          nicolae_evil_shop
D:8:      layout_basic, serial_co_window_serial, co_window_corner_a,
          co_window_of_opportunity_a, co_window_paths_a, co_window_paths_a,
          co_window_paths_a, co_window_paths_a, co_window_paths_b,
          co_window_cross_4, co_window_broadway_a, co_window_corner_ca,
          glass_columns_b
D:9:      layout_stronghold, minmay_misc_feat_diagonals
D:10:     layout_irregular_city, nicolae_hepliaklqana_hippocampus,
          minmay_lair_entry_grove, minmay_orc_entry_guard_dogs, serial_shops,
          nicolae_shop_behind_doors
Lair:1:   layout_roguey, infiniplex_staircase_pool, serial_bayou_shore_b
Lair:2:   beast_lair_carwin_large_1, layout_chaotic_city, swamp_mist,
          minmay_holes

Skill      XL: |  1  2  3  4  5  6  7  8  9 10 11 |
---------------+----------------------------------+-----
Conjurations   | 4 5 6 7 9 10 | 10.4
Translocations | 1 4 6 |  6.0
Spellcasting   | 2 4 5 6 |  6.4
Hexes          | 2 6 7 |  7.6
Air Magic      | 2 4 5 |  5.1
Poison Magic   | 2 4 5 |  5.1
Armour         | 2 3 |  3.3
Evocations     | 2 |  2.0
Dodging        | |  1.7
Stealth        | |  1.7

Action                   |  1- 3 |  4- 6 |  7- 9 | 10-12 || total
-------------------------+-------+-------+-------+-------++-------
Melee: Short sword       |    23 |     1 |       |       ||    24
       Punch             |     1 |       |       |     2 ||     3
       Dagger            |       |    12 |    50 |    90 ||   152
 Cast: Magic Dart        |    82 |   111 |   158 |    21 ||   372
       Searing Ray       |       |    11 |    38 |       ||    49
       Iskenderun's Myst |       |     1 |    16 |    64 ||    81
       Fulminant Prism   |       |       |    24 |    42 ||    66
       Poisonous Vapours |       |       |     5 |     9 ||    14
       Olgreb's Toxic Ra |       |       |       |     2 ||     2
Evoke: Wand              |       |       |       |     2 ||     2
  Use: Scroll            |     4 |       |    15 |     2 ||    21
       Potion            |       |       |       |     1 ||     1
Armor: Robe              |     8 |     3 |    36 |     2 ||    49
       Troll leather arm |       |       |       |    42 ||    42
Dodge: Dodged            |    17 |    26 |    96 |    92 ||   231
Block: Other             |       |       |       |     5 ||     5
